AoeStats
← AiM | Natural Killer

Arabia

508705000Analyzed
1v1 RM · 10d ago on Sep 23, 2026· 60m 35s· 2 players
Game mode
Random Map
Map size
Tiny (2 player)
Population
200
Speed
Normal
Resources
Standard
Victory
Conquest
Starting age
Dark Age
Ending age
Imperial Age
RankedLock teamsTeams togetherTeam positionsShared explorationLock speedFull tech treeHidden civsTurbo modeCheats
Victory
Defeat
1671
+13
🇺🇸 Varangians · United States
1602
-13
joethebro229
5:53 Loom
8:27 Feudal Age
9:40 Double-Bit Axe
11:38 Fletching
17:53 Wheelbarrow
21:27 Castle Age
20:20 Bloodlines
20:35 Padded Archer Armor
20:33 Gold Mining
22:03 Bodkin Arrow
23:37 Husbandry
24:04 Ballistics
25:32 Scale Barding Armor
31:42 Forging
37:15 Imperial Age
37:47 Chain Barding Armor
41:30 Bracer
43:52 Plate Barding Armor
45:12 Iron Casting
47:06 Blast Furnace
48:43 Murder Holes
57:36 Conscription
AiM | Natural Killer
6:34 Loom
8:58 Feudal Age
9:06 Man-at-Arms
13:31 Double-Bit Axe
17:15 Wheelbarrow
17:14 Fletching
23:17 Castle Age
21:14 Horse Collar
21:55 Gold Mining
23:16 Padded Archer Armor
24:13 Bow Saw
25:08 Bodkin Arrow
25:10 Elite Skirmisher
30:41 Ballistics
35:42 Imperial Age
36:56 Bracer
38:32 Conscription
38:46 Bloodlines
38:36 Husbandry
39:00 Hand Cart
40:41 Scale Barding Armor
40:47 Forging
40:26 Cavalier
43:16 Chain Barding Armor
43:31 Iron Casting
44:15 Vendel Legacy
46:07 Plate Barding Armor
46:32 Blast Furnace
47:57 Light Cavalry
49:01 Hussar
50:41 Town Watch
58:12 Leather Archer Armor
Connection lost

Rejoining the realm…

Still unreachable

The connection could not be restored.

Session expired

The server has moved on; the page needs a fresh start.